cohdb
Replays
Latest Replays
All Replays
Popular Replays
Top Player Replays
Match Explorer
How It Works
Community
CoH3 Stats
Reddit
Sign in to upload your games and track your stats! →
Sign in with Steam
Match 45305473
Unlisted
Match 45305473
Overview
Messages
Build Orders
End
Construct Infanterie Kompanie
Selects Mechanized Battlegroup
Grenadier Squad
Grenadier Squad
GrW 34 Mortar Team
Grenadier Squad
Construct Panzergrenadier Kompanie
Construct Luftwaffe Kompanie
221 Scout Car
Selects Raid Package
Jäger Squad
Jäger Squad
Support Elements
Selects StuG Assault Group
StuG Assault Group
Luftwaffe Officer Quarters
Infanterie Officer Quarters
Clowndog SierraLimaUniformTango
Clowndog Actual
Clowndog - Tango Fuckhead
ClownDog Whiskey Cawknoob
QGD
Mr Gizard The Lizard Wizard
[OldMetal]Mario
King
0
0
Comments
sign in to comment!
No comments posted yet!